 Dungeon Crawl Stone Soup version 0.20.1-1-g8b1a95d (webtiles) character file.

85 vishdafish the Shield-Bearer (level 4, -2/28 HPs)
             Began as a Gargoyle Fighter on July 6, 2017.
             Killed from afar by Natasha (10 damage)
             ... with a magic dart
             ... on level 2 of the Dungeon.
             The game lasted 00:01:36 (1485 turns).

vishdafish the Shield-Bearer (Gargoyle Fighter)     Turns: 1485, Time: 00:01:36

Health: -2/28      AC: 10    Str: 20    XL:     4   Next: 48%
Magic:  4/4        EV:  7    Int:  9    God:
Gold:   110        SH:  9    Dex:  9    Spells: 3/3 levels left

rFire    . . .     SeeInvis .   a - +0 trident
rCold    . . .     Gourm    .   c - +0 shield
rNeg     + . .     Faith    .   b - +0 scale mail
rPois    ∞         Spirit   .   (no helmet)
rElec    +         Reflect  .   (no cloak)
rCorr    .         Harm     .   (no gloves)
MR       .....                  (no boots)
Stlth    ..........             (no amulet)
Regen    0.1/turn               (no ring)
MPRegen  0.1/turn               (no ring)

@: slowed, very slow
A: negative energy resistance 1, electricity resistance, unbreathing,
petrification resistance, rot immunity, AC +3
a: no special abilities


You were on level 2 of the Dungeon.
You were very hungry.

You visited 1 branch of the dungeon, and saw 3 of its levels.

You collected 110 gold pieces.

Inventory:

Hand Weapons
 a - a +0 trident (weapon)
Armour
 b - a +0 scale mail (worn)
 c - a +0 shield (worn)
Scrolls
 h - 2 scrolls of identify {unknown}
 i - 2 scrolls of remove curse {unknown}
 k - a scroll of random uselessness {unknown}
Potions
 d - a potion of might
 e - a potion of curing {unknown}
 g - a potion of magic
 j - a potion of agility {unknown}
Comestibles
 f - 2 bread rations


   Skills:
 + Level 3.6 Fighting
 + Level 2.9 Polearms
 + Level 3.7 Armour
 + Level 0.2 Dodging
 + Level 4.0 Shields


You had 3 spell levels left.
You didn't know any spells.

Dungeon Overview and Level Annotations

Branches:
Dungeon (3/15)

Altars:

Annotations:
D:2 Natasha


Innate Abilities, Weirdness & Mutations

You are resistant to torment.
Your stone body is resilient. (AC +3)
You are immune to poison.
You resist negative energy. (rN+)
You are resistant to electric shocks. (rElec)
You can survive without breathing.
You are immune to petrification.
You are immune to rotting.


Message History

You are too injured to fight recklessly!
You are too injured to fight recklessly!
You are too injured to fight recklessly!
You are too injured to fight recklessly!
You are too injured to fight recklessly!
You are too injured to fight recklessly!
You are too injured to fight recklessly!
You are too injured to fight recklessly!
You are too injured to fight recklessly!
You are too injured to fight recklessly!
You hit Natasha.
Natasha is lightly wounded.
You block Natasha's attack. Natasha claws you.
* * * LOW HITPOINT WARNING * * *
Okay, then.
It was a potion of magic.
Magic courses through your body.
The crimson imp disappears in a puff of smoke!
Natasha stares at you and mumbles some strange words.
The magic dart hits you!
You die...

# #..# #..........# #†##.#
#..########........#.#
#.##..
####)##.....#........#.###
#.####
#...†.#.....#.§.....(#...#
#.....
#.....#.....#.....<..###.#
######
#...>.'.....'........'...#
#
#.....#.....#........#####
# #.....#.....#....5...# #
#.....#.....###.@h..## #
#...[.#..)..# #.###.# #
#.....####### #.# #.# #
####### #.# #.# # #.# #..
# #.# #.# # #.# # #.# #
#.# #


You could see Natasha and a crimson imp.

Vanquished Creatures
  Natasha (D:2)
  2 adders
  2 worms (D:2)
  A dart slug (D:2)
  2 giant cockroaches
  2 goblins (D:1)
  3 hobgoblins (D:2)
  7 jackals
  5 kobolds
  A quokka (D:2)
  3 bats
  A frilled lizard (D:1)
  4 rats
34 creatures vanquished.

Notes
Turn   | Place    | Note
-------+----------+-------------------------------------------
     0 | D:1      | vishdafish the Gargoyle Fighter began the quest for the Orb.
     0 | D:1      | Reached XP level 1. HP: 14/14 MP: 1/1
   464 | D:1      | Reached XP level 2. HP: 19/19 MP: 2/2
   757 | D:2      | Noticed Natasha
   759 | D:2      | Noticed a crimson imp
   768 | D:2      | Killed Natasha
   768 | D:2      | Reached XP level 3. HP: 19/23 MP: 3/3
  1088 | D:2      | Reached XP level 4. HP: 25/28 MP: 4/4
  1184 | D:2      | Reached skill level 4 in Shields
  1225 | D:2      | You fall through a shaft!
  1469 | D:2      | Noticed Natasha
  1485 | D:2      | Killed from afar by Natasha

Skill      XL: |  1  2  3  4 |
---------------+-------------+-----
Polearms       | 2 |  2.9
Shields        | 4 |  4.0
Fighting       | |  3.6
Armour         | |  3.7
Dodging        | |  0.2

Action                   |  1- 3 |  4- 6 || total
-------------------------+-------+-------++-------
Melee: Trident           |   101 |    47 ||   148
  Use: Potion            |       |     1 ||     1
  Eat: Chunk             |       |     1 ||     1
Armor: Scale mail        |    35 |    18 ||    53
Dodge: Dodged            |    35 |    11 ||    46
Block: Shield            |    49 |    12 ||    61
